[Event "GER-chT Youth Countries 2018"]
[Site "Wurzburg"]
[Date "2018.10.05"]
[Round "4"]
[White "Lutz, Adam"]
[Black "Reuter, Elisa"]
[Result "0-1"]
[ECO "B35"]
[WhiteElo "1787"]
[BlackElo "1786"]
[Annotator "NA"]
[PlyCount "158"]
[EventDate "2018.10.03"]
[EventType "team-tourn"]
[EventCountry "GER"]
[SourceTitle "playchess.com"]
[Source "ChessBase"]
[SourceQuality "1"]
[TimeControl "40/5400+30:1800+30"]

1. e4 c5 2. Nf3 Nc6 3. d4 cxd4 4. Nxd4 g6 5. Nc3 Bg7 6. Be3 Nf6 7. Bc4 Qa5 8. O-O O-O 9. Bb3 d6 10. h3 Bd7 11. Re1 Rac8 12. Nd5 Rfe8 13. Bd2 Qd8 14. Bc3 Nxd5 15. exd5 Na5 16. Qf3 Nxb3 17. axb3 Ra8 18. Ne6 fxe6 19. dxe6 Rf8 20. Qxb7 Bxc3 21. bxc3 Be8 22. Rxa7 Rxa7 23. Qxa7 Bc6 24. c4 Re8 25. Rd1 Qa8 26. Qc7 Bxg2 27. Rxd6 Bxh3 28. Rc6 Bf5 29. Qd7 Qd8 30. Qd5 Bxc2 31. Qxd8 Rxd8 32. b4 Rd1+ 33. Kh2 Rb1 34. b5 Bd3 35. b6 Bxc4 36. Rxc4 Rxb6 37. Re4 Kg7 38. Kg2 Kf6 39. Re3 Rxe6 40. Rf3+ Kg7 41. Rg3 Rf6 42. Re3 Kf7 43. Ra3 h5 44. Rh3 Rf5 45. Ra3 g5 46. Ra6 h4 47. Rh6 e5 48. Ra6 Rf6 49. Ra5 Ke6 50. Ra3 Kf5 51. Rf3+ Kg6 52. Re3 Rf5 53. Re2 g4 54. Re4 Kg5 55. Re2 Kf4 56. Ra2 e4 57. Rb2 h3+ 58. Kg1 g3 59. fxg3+ Kxg3 60. Rg2+ Kf3 61. Rf2+ Kg4 62. Re2 Kf4 63. Rf2+ Ke5 64. Ra2 Rf3 65. Ra5+ Kf4 66. Ra8 e3 67. Rf8+ Ke4 68. Re8+ Kd3 69. Rd8+ Ke2 70. Ra8 Rf2 71. Ra2+ Kf3 72. Ra8 Rg2+ 73. Kh1 Rc2 74. Rf8+ Ke2 75. Rf1 Kd2 76. Rf8 e2 77. Rd8+ Kc1 78. Re8 Kd1 79. Rd8+ Rd2 0-1

[Event "GER-chT Youth Countries 2018"]
[Site "Wurzburg"]
[Date "2018.10.05"]
[Round "4"]
[White "Roessel, Gino"]
[Black "Kluehs, Gustaf"]
[Result "1-0"]
[ECO "C01"]
[WhiteElo "1778"]
[BlackElo "1775"]
[Annotator "NA"]
[PlyCount "64"]
[EventDate "2018.10.03"]
[EventType "team-tourn"]
[EventCountry "GER"]
[SourceTitle "playchess.com"]
[Source "ChessBase"]
[SourceQuality "1"]
[TimeControl "40/5400+30:1800+30"]

1. e4 e6 2. d4 d5 3. exd5 exd5 4. Nf3 Bd6 5. Bd3 Nc6 6. O-O Nge7 7. c3 Bg4 8. Be3 Qd7 9. Nbd2 O-O-O 10. b4 Rde8 11. a4 f6 12. a5 g5 13. b5 Nd8 14. b6 a6 15. bxc7 Qxc7 16. c4 Bxh2+ 17. Kh1 Bf4 18. Qb3 Be6 19. Rfc1 Ndc6 20. cxd5 Bxd5 21. Bc4 Qd7 22. Bxd5 Nxd5 23. Bxf4 gxf4 24. Rc5 Nc7 25. d5 Ne5 26. Nxe5 fxe5 27. Rb1 Kd8 28. Qxb7 Nb5 29. Qxa6 Nd4 30. Rb7 Ke7 31. Rxd7+ Kxd7 32. Qb7+ Kd6 {[%emt 0:00:12] dxe6} 1-0

[Event "GER-chT Youth Countries 2018"]
[Site "Wurzburg"]
[Date "2018.10.05"]
[Round "4"]
[White "Block, Timo"]
[Black "Klenk, Sofie"]
[Result "1/2-1/2"]
[ECO "B22"]
[WhiteElo "1777"]
[BlackElo "1873"]
[Annotator "NA"]
[PlyCount "70"]
[EventDate "2018.10.03"]
[EventType "team-tourn"]
[EventCountry "GER"]
[SourceTitle "playchess.com"]
[Source "ChessBase"]
[SourceQuality "1"]
[TimeControl "40/5400+30:1800+30"]

1. e4 c5 2. c3 d5 3. exd5 Qxd5 4. d4 e6 5. Nf3 Nf6 6. Bf4 Nc6 7. Be2 $11 cxd4 8. cxd4 Bb4+ 9. Bd2 Bxd2+ 10. Qxd2 O-O 11. Nc3 Qd8 12. O-O b6 13. Rac1 Bb7 14. a3 Rc8 15. b4 Nd5 16. Nxd5 Qxd5 17. Bc4 Qf5 18. Bd3 Qd5 19. Bc4 Qh5 20. Qe3 Ne7 21. Ne5 Nd5 22. Qg3 Rfd8 23. Rfd1 Qf5 24. Ng4 Qf4 25. Qxf4 Nxf4 26. f3 h6 27. Ne3 Kf8 28. Kf2 Nd5 29. Nxd5 Bxd5 30. Bxd5 Rxc1 31. Rxc1 Rxd5 32. Ke3 Rd7 33. g4 Ke7 34. Ke4 Kd6 35. Rc8 Ke7 1/2-1/2

[Event "GER-chT Youth Countries 2018"]
[Site "Wurzburg"]
[Date "2018.10.05"]
[Round "4"]
[White "Schnabel, Luise"]
[Black "Koenze, Heike"]
[Result "1/2-1/2"]
[ECO "B92"]
[WhiteElo "1753"]
[BlackElo "1845"]
[Annotator "NA"]
[PlyCount "116"]
[EventDate "2018.10.03"]
[EventType "team-tourn"]
[EventCountry "GER"]
[SourceTitle "playchess.com"]
[Source "ChessBase"]
[SourceQuality "1"]
[TimeControl "40/5400+30:1800+30"]

1. e4 c5 2. Nf3 d6 3. d4 cxd4 4. Nxd4 Nf6 5. Nc3 a6 6. Be2 e5 7. Nb3 Be7 8. Qd3 Be6 9. Nd5 {[%emt 0:02:27] LiveBook: 6 Games} Bxd5 10. exd5 b5 $14 11. a4 b4 12. Bd2 a5 13. O-O O-O 14. c3 Na6 15. c4 Nd7 16. Be3 Bg5 17. Nd2 f5 18. f4 exf4 19. Bxf4 Nac5 20. Qg3 Bxf4 21. Qxf4 Qf6 22. Nf3 Qxb2 23. Nd4 Nb3 24. Nxb3 Qxb3 25. Qxd6 Qe3+ 26. Rf2 Nc5 27. Qf4 Rae8 28. Qxe3 Rxe3 29. Raf1 Ne4 30. Bf3 Nxf2 31. Kxf2 Rd3 32. c5 b3 33. Rb1 Rc3 34. c6 Rc2+ 35. Kg3 g5 36. d6 h5 37. h3 b2 38. d7 h4+ 39. Kh2 Kf7 40. Rxb2 Rxb2 41. c7 Rbb8 42. Bb7 Rxb7 43. c8=Q Rb8 44. Qc4+ Ke7 45. Qd5 Rbd8 46. Qe5+ Kxd7 47. Qg7+ Ke6 48. Qxg5 Rh8 49. Qe3+ Kf6 50. Qb6+ Kg5 51. Qxa5 Ra8 52. Qb4 Kf6 53. a5 Kg5 54. Kg1 Kg6 55. Kf2 Rab8 56. Qd6+ Kg5 57. Qe7+ Kg6 58. Qe6+ Kg5 1/2-1/2

[Event "GER-chT Youth Countries 2018"]
[Site "Wurzburg"]
[Date "2018.10.05"]
[Round "4"]
[White "Doll, Rebecca"]
[Black "Kunisch, Nina"]
[Result "1/2-1/2"]
[ECO "B22"]
[WhiteElo "1722"]
[BlackElo "1740"]
[Annotator "NA"]
[PlyCount "117"]
[EventDate "2018.10.03"]
[EventType "team-tourn"]
[EventCountry "GER"]
[SourceTitle "playchess.com"]
[Source "ChessBase"]
[SourceQuality "1"]
[TimeControl "40/5400+30:1800+30"]

1. e4 c5 2. c3 Nf6 3. e5 Nd5 4. Bc4 Nb6 5. Bb3 c4 6. Bc2 Nc6 7. Nf3 g6 8. O-O Bg7 9. Re1 O-O 10. d4 cxd3 11. Qxd3 e6 12. Nbd2 a6 13. a3 Qc7 14. Qe2 Nd5 15. Nf1 b5 16. h3 Bb7 17. N1h2 f5 18. exf6 Nxf6 19. Bg5 Na5 20. Ne5 Nc4 21. Nxc4 Qxc4 22. Qd2 Qd5 23. Nf3 Qxd2 24. Nxd2 Rac8 25. Rad1 Rf7 26. Ne4 Nxe4 27. Bxe4 Bxe4 28. Rxe4 Rcf8 29. f3 Rc8 30. Re2 Rc5 31. Bh4 Bh6 32. Bf2 Rc7 33. Bg3 Rb7 34. Bd6 Rb6 35. Re4 Bg7 36. Be5 Bxe5 37. Rxe5 Kf8 38. Rc5 d5 39. Rc8+ Ke7 40. Rc7+ Kf6 41. Rxf7+ Kxf7 42. Kf2 Kf6 43. Ke3 Rc6 44. f4 Rc4 45. Rd4 Rxd4 46. cxd4 Kf5 47. g4+ Kf6 48. g5+ Ke7 49. Kd3 Kd6 50. Kc3 a5 51. b4 a4 52. Kd3 Ke7 53. Ke3 Kf7 54. Kf3 Ke7 55. Kg4 Kf7 56. h4 Ke7 57. h5 Kf7 58. Kh4 Ke7 59. Kg4 1/2-1/2

[Event "GER-chT Youth Countries 2018"]
[Site "Wurzburg"]
[Date "2018.10.05"]
[Round "4"]
[White "Alsheimer, Lea"]
[Black "Fischer, Darja"]
[Result "1-0"]
[ECO "D05"]
[WhiteElo "1716"]
[BlackElo "1456"]
[Annotator "NA"]
[PlyCount "65"]
[EventDate "2018.10.03"]
[EventType "team-tourn"]
[EventCountry "GER"]
[SourceTitle "playchess.com"]
[Source "ChessBase"]
[SourceQuality "1"]
[TimeControl "40/5400+30:1800+30"]

1. d4 d5 2. Nf3 Nf6 3. e3 e6 4. Bd3 c5 5. b3 Nc6 6. Bb2 Qc7 7. a3 cxd4 8. exd4 g6 9. Nbd2 Bg7 10. Rc1 a6 11. O-O O-O 12. Re1 b6 13. Qe2 Bb7 14. Ne5 Rfe8 15. c4 a5 16. Ndf3 Rac8 17. Nxc6 Bxc6 18. Ne5 Qb7 19. cxd5 Bxd5 20. Ba6 Qb8 21. Rxc8 Rxc8 22. Bxc8 Qxc8 23. Rc1 Qb7 24. Qc2 Ne8 25. Qc8 Qxc8 26. Rxc8 Kf8 27. Nc4 Ke7 28. Nxb6 Bxb3 29. Ra8 a4 30. Ra7+ Kf8 31. Nd7+ Ke7 32. Ne5+ Kd6 33. Rd7# {Kd5} 1-0

[Event "GER-chT Youth Countries 2018"]
[Site "Wurzburg"]
[Date "2018.10.05"]
[Round "4"]
[White "Deuer, Marius"]
[Black "Basovskiy, Jana"]
[Result "0-1"]
[ECO "B40"]
[WhiteElo "1711"]
[BlackElo "1772"]
[Annotator "NA"]
[PlyCount "43"]
[EventDate "2018.10.03"]
[EventType "team-tourn"]
[EventCountry "GER"]
[SourceTitle "playchess.com"]
[Source "ChessBase"]
[SourceQuality "1"]
[TimeControl "40/5400+30:1800+30"]

1. e4 c5 2. Nf3 e6 3. c3 Nf6 4. e5 Nd5 5. d4 cxd4 6. cxd4 Nc6 7. Bc4 d6 8. O-O Be7 9. Bd2 O-O 10. Nc3 Nb6 11. Bb3 Bd7 12. Qe2 Rc8 13. Bc2 Nb4 14. Bb1 Bc6 15. a3 N4d5 16. Ne4 dxe5 17. dxe5 Qc7 18. Neg5 g6 19. Nh4 Bd7 20. f4 Qc4 21. Qg4 Bc5+ 22. Kh1 0-1

[Event "GER-chT Youth Countries 2018"]
[Site "Wurzburg"]
[Date "2018.10.05"]
[Round "4"]
[White "Braeutigam, Katerina"]
[Black "Bashylina, Luisa"]
[Result "0-1"]
[ECO "A36"]
[WhiteElo "1696"]
[BlackElo "1837"]
[Annotator "NA"]
[PlyCount "110"]
[EventDate "2018.10.03"]
[EventType "team-tourn"]
[EventCountry "GER"]
[SourceTitle "playchess.com"]
[Source "ChessBase"]
[SourceQuality "1"]
[TimeControl "40/5400+30:1800+30"]

1. c4 c5 2. g3 Nc6 3. Nc3 g6 4. Nf3 Bg7 5. d3 e5 {[%emt 0:00:42] LiveBook: 48 Games} 6. Rb1 Nge7 7. a3 a5 $11 8. Bg2 O-O 9. O-O d6 10. e3 f5 11. Re1 h6 12. Bf1 g5 13. Be2 Be6 14. Kg2 Ng6 15. Qb3 Qc7 16. Nb5 Qd7 17. Qd1 d5 18. Nc3 Nce7 19. Qa4 Qc7 20. Qb3 dxc4 21. dxc4 e4 22. Nd2 Ne5 23. Qc2 N7c6 24. Nb5 Qe7 25. b3 Rad8 26. Rd1 Nd3 27. Nf1 Nce5 28. Bd2 a4 29. b4 Bxc4 30. bxc5 Bb3 31. Rxb3 axb3 32. Qxb3+ Kh8 33. Nd4 Rf6 34. Bb4 Nxb4 35. axb4 Nc6 36. Bc4 Nxd4 37. exd4 f4 38. g4 f3+ 39. Kg1 Rf4 40. Ne3 Bxd4 41. Nf5 Rxg4+ 42. Kf1 Qf6 43. Be6 Rg2 44. Rd2 Bxf2 45. Rxd8+ Qxd8 46. Qc3+ Bd4 47. Nxd4 Qf6 48. Bd5 f2 49. Ne2 Rg1+ 50. Nxg1 Qxc3 51. Kxf2 Qd2+ 52. Ne2 Qxd5 53. Ng3 Qd2+ 54. Ne2 e3+ 55. Kf3 g4+ 0-1

[Event "GER-chT Youth Countries 2018"]
[Site "Wurzburg"]
[Date "2018.10.05"]
[Round "4"]
[White "Haenselmann, Hendrik"]
[Black "Liu, Sijia Anna"]
[Result "1/2-1/2"]
[ECO "B90"]
[WhiteElo "1660"]
[BlackElo "1730"]
[Annotator "NA"]
[PlyCount "98"]
[EventDate "2018.10.03"]
[EventType "team-tourn"]
[EventCountry "GER"]
[SourceTitle "playchess.com"]
[Source "ChessBase"]
[SourceQuality "1"]
[TimeControl "40/5400+30:1800+30"]

1. e4 c5 2. Nf3 d6 3. d4 cxd4 4. Nxd4 Nf6 5. Nc3 a6 6. a4 e6 7. Be2 Be7 8. O-O O-O 9. Be3 Nc6 10. f4 Qc7 11. Qe1 Re8 12. Qg3 d5 13. e5 Ne4 14. Nxe4 dxe4 15. f5 Nxd4 16. Bxd4 exf5 17. c3 Be6 18. b4 a5 19. b5 Bc5 20. Kh1 Rad8 21. Rfd1 Qb6 22. Bxc5 Qxc5 23. Rd6 Rxd6 24. exd6 Rd8 25. Rd1 Bb3 26. Rd2 Qa3 27. Qe1 Rxd6 28. Rxd6 Qxd6 29. c4 Qb4 30. Qg3 Bxa4 31. Qb8+ Qf8 32. Qxb7 Qd8 33. Qd5 Qc8 34. b6 Bc6 35. Qxa5 Qb7 36. Qxf5 g6 37. Qf2 Qd7 38. Qe3 f5 39. c5 Qg7 40. h3 Qe5 41. Qb3+ Bd5 42. Bc4 Bxc4 43. Qxc4+ Kg7 44. c6 Qa1+ 45. Kh2 Qe5+ 46. Kh1 e3 47. Qe2 Qa1+ 48. Kh2 Qe5+ 49. Kh1 Qa1+ 1/2-1/2

[Event "GER-chT Youth Countries 2018"]
[Site "Wurzburg"]
[Date "2018.10.05"]
[Round "4"]
[White "Wagner, Margarethe"]
[Black "Weimert, Miriam"]
[Result "1/2-1/2"]
[ECO "B28"]
[WhiteElo "1643"]
[BlackElo "1776"]
[Annotator "NA"]
[PlyCount "81"]
[EventDate "2018.10.03"]
[EventType "team-tourn"]
[EventCountry "GER"]
[SourceTitle "playchess.com"]
[Source "ChessBase"]
[SourceQuality "1"]
[TimeControl "40/5400+30:1800+30"]

1. e4 c5 2. Nf3 a6 3. d4 cxd4 4. Nxd4 Nf6 5. Nc3 e5 6. Nb3 Bb4 7. Bd3 d5 8. Bd2 Bxc3 9. Bxc3 dxe4 10. Be2 Qe7 11. Qd2 Nc6 12. O-O O-O 13. a3 Rd8 14. Qe3 Bf5 15. Qc5 Qe8 16. Rad1 Rxd1 17. Rxd1 e3 18. Bd3 exf2+ 19. Qxf2 Bxd3 20. cxd3 Nd5 21. Bd2 f6 22. Nc5 Nd4 23. b4 b6 24. Ne4 Qa4 25. Rc1 Qxa3 26. Qf1 f5 27. Nd6 Qa2 28. Rd1 b5 29. Qe1 Qc2 30. Rc1 Qxd3 31. Qxe5 Ne2+ 32. Kh1 h6 33. Nxf5 Nf6 34. Nxh6+ Kh7 35. Rd1 Re8 36. Qf5+ Qxf5 37. Nxf5 g6 38. Ne3 Ne4 39. Be1 Rf8 40. Rd7+ Kh6 41. h3 1/2-1/2

[Event "GER-chT Youth Countries 2018"]
[Site "Wurzburg"]
[Date "2018.10.05"]
[Round "4"]
[White "Weidenhoefer, Max"]
[Black "Grunert, Wilhelm"]
[Result "0-1"]
[ECO "B33"]
[WhiteElo "1596"]
[BlackElo "1659"]
[Annotator "NA"]
[PlyCount "74"]
[EventDate "2018.10.03"]
[EventType "team-tourn"]
[EventCountry "GER"]
[SourceTitle "playchess.com"]
[Source "ChessBase"]
[SourceQuality "1"]
[TimeControl "40/5400+30:1800+30"]

1. e4 c5 2. Nf3 Nc6 3. d4 cxd4 4. Nxd4 Nf6 5. Nc3 e5 6. Ndb5 d6 7. Bg5 a6 8. Na3 b5 9. Nd5 Be7 10. Bxf6 Bxf6 11. c3 Bg5 12. Nc2 O-O 13. a4 Rb8 14. axb5 axb5 15. Bd3 Ne7 16. Ncb4 Nxd5 17. Nxd5 Be6 18. Nb4 Qd7 19. h4 Bh6 20. g3 Kh8 21. O-O f5 22. Qe2 f4 23. Rfb1 f3 24. Qd1 g5 25. h5 Qe8 26. g4 Rf4 27. Kf1 Rxg4 28. Qxf3 Rf4 29. Qg2 Qxh5 30. Be2 Bg4 31. Bd1 Rbf8 32. Nd3 Bf3 33. Bxf3 Rxf3 34. Rd1 g4 35. Ke1 Rh3 36. Ke2 g3+ 37. f3 Rh2 0-1

[Event "GER-chT Youth Countries 2018"]
[Site "Wurzburg"]
[Date "2018.10.05"]
[Round "4"]
[White "Grining, Maria"]
[Black "Butenandt, Svenja"]
[Result "0-1"]
[ECO "A46"]
[WhiteElo "1572"]
[BlackElo "1762"]
[Annotator "NA"]
[PlyCount "63"]
[EventDate "2018.10.03"]
[EventType "team-tourn"]
[EventCountry "GER"]
[SourceTitle "playchess.com"]
[Source "ChessBase"]
[SourceQuality "1"]
[TimeControl "40/5400+30:1800+30"]

1. d4 Nf6 2. Nf3 e6 3. c4 d5 4. e3 c6 5. Be2 Be7 6. O-O O-O 7. b3 Nbd7 8. Bb2 Nb6 9. Qc2 Re8 10. Nbd2 a5 11. e4 dxe4 12. Nxe4 Nxe4 13. Qxe4 Bf6 14. Bd3 g6 15. h4 c5 16. h5 cxd4 17. hxg6 hxg6 18. Ne5 Nd7 19. Nxf7 Kxf7 20. Qxg6+ Kf8 21. Ba3+ Re7 22. Rfe1 Ra6 23. Re2 Qe8 24. Qxe8+ Kxe8 25. Bxe7 Kxe7 26. Rd1 Nc5 27. Bc2 Rd6 28. Bd3 b6 29. Be4 a4 30. b4 Nxe4 31. Rxe4 Rc6 32. Rexd4 0-1

[Event "GER-chT Youth Countries 2018"]
[Site "Wurzburg"]
[Date "2018.10.05"]
[Round "4"]
[White "Roncea, Andrea-Alexandra"]
[Black "Werner, Rosalie"]
[Result "1/2-1/2"]
[ECO "D05"]
[WhiteElo "1515"]
[BlackElo "1566"]
[Annotator "NA"]
[PlyCount "70"]
[EventDate "2018.10.03"]
[EventType "team-tourn"]
[EventCountry "GER"]
[SourceTitle "playchess.com"]
[Source "ChessBase"]
[SourceQuality "1"]
[TimeControl "40/5400+30:1800+30"]

1. d4 d5 2. Nf3 e6 3. e3 Nf6 4. Be2 c5 5. O-O Nc6 6. b3 Bd6 7. Bb2 O-O 8. Nbd2 b6 9. c4 Bb7 10. Rc1 Rc8 11. Ne5 Qc7 12. Ndf3 Ne4 13. Nxc6 Bxc6 14. Ne5 Bb7 15. f3 Nf6 16. f4 Nd7 17. Bf3 Rfd8 18. Qe1 Nxe5 19. fxe5 Bf8 20. cxd5 Bxd5 21. Rc2 Qb7 22. Rcf2 Rc7 23. Qe2 Bxf3 24. Rxf3 Rdd7 25. Rh3 g6 26. Qf2 Bg7 27. Qh4 h6 28. Qf2 Qe4 29. Qf3 Qxf3 30. Rhxf3 cxd4 31. exd4 Rc2 32. R3f2 Rcc7 33. Rf3 Rc2 34. R3f2 Rcc7 35. Rf3 Rc2 1/2-1/2

[Event "GER-chT Youth Countries 2018"]
[Site "Wurzburg"]
[Date "2018.10.05"]
[Round "4"]
[White "Schwegler, Jelena"]
[Black "Boehm, Jana"]
[Result "0-1"]
[ECO "C12"]
[WhiteElo "1496"]
[BlackElo "2001"]
[Annotator "NA"]
[PlyCount "40"]
[EventDate "2018.10.03"]
[EventType "team-tourn"]
[EventCountry "GER"]
[SourceTitle "playchess.com"]
[Source "ChessBase"]
[SourceQuality "1"]
[TimeControl "40/5400+30:1800+30"]

1. e4 e6 2. d4 d5 3. Nc3 Nf6 4. Bg5 Bb4 5. exd5 Qxd5 {[%emt 0:02:04] LiveBook: 271 Partien} 6. Bxf6 gxf6 $11 7. Qd2 Qa5 8. Nge2 Bd7 9. a3 Nc6 10. O-O-O Be7 11. d5 Ne5 12. Nf4 O-O-O 13. Ne4 Qxd2+ 14. Rxd2 f5 15. d6 Bf8 16. dxc7 Kxc7 17. Nf6 Bh6 18. g3 Bc6 19. Rxd8 Rxd8 20. Rg1 Nf3 0-1

[Event "GER-chT Youth Countries 2018"]
[Site "Wurzburg"]
[Date "2018.10.05"]
[Round "4"]
[White "Keymer, Cecilia"]
[Black "Schwenke, Mia"]
[Result "1-0"]
[ECO "E67"]
[WhiteElo "1479"]
[BlackElo "1203"]
[Annotator "NA"]
[PlyCount "99"]
[EventDate "2018.10.03"]
[EventType "team-tourn"]
[EventCountry "GER"]
[SourceTitle "playchess.com"]
[Source "ChessBase"]
[SourceQuality "1"]
[TimeControl "40/5400+30:1800+30"]

1. d4 Nf6 2. c4 g6 3. g3 Bg7 4. Bg2 O-O 5. Nc3 d6 6. Nf3 Nbd7 7. O-O e5 8. dxe5 dxe5 9. Qc2 Re8 10. e4 a5 11. Rd1 c6 12. h3 Qb6 13. Be3 c5 14. Nb5 Re6 15. Rd2 Qc6 16. Ng5 Ne8 17. Nxe6 Qxe6 18. Rad1 Bf8 19. Rd3 Ra6 20. b3 Kh8 21. Qd2 Ndf6 22. Bg5 Ng8 23. Rd8 Rc6 24. Na7 Rc7 25. Rxc8 Rxc8 26. Nxc8 Qxc8 27. Qxa5 f6 28. Be3 Bd6 29. Qb6 Qb8 30. Bxc5 Bc7 31. Qb4 b6 32. Be3 h5 33. c5 b5 34. Bf1 Qa8 35. Ra1 f5 36. exf5 gxf5 37. Bg2 e4 38. Qd4+ Ngf6 39. Bg5 Bd8 40. Bf1 Kg8 41. Bxb5 Nc7 42. Bc4+ Kh8 43. Bxf6+ Bxf6 44. Qxf6+ Kh7 45. Qe7+ Kg6 46. Qxc7 Qh8 47. Rd1 Qb2 48. Rd6+ Kg5 49. Qe7+ Qf6 50. Qxf6# 1-0

[Event "GER-chT Youth Countries 2018"]
[Site "Wurzburg"]
[Date "2018.10.05"]
[Round "4"]
[White "Woerz, Ann-Sophie"]
[Black "Schulz, Hannah"]
[Result "1-0"]
[ECO "B13"]
[WhiteElo "1463"]
[BlackElo "1527"]
[Annotator "NA"]
[PlyCount "117"]
[EventDate "2018.10.03"]
[EventType "team-tourn"]
[EventCountry "GER"]
[SourceTitle "playchess.com"]
[Source "ChessBase"]
[SourceQuality "1"]
[TimeControl "40/5400+30:1800+30"]

1. e4 c6 2. d4 d5 3. exd5 cxd5 4. Bd3 Nc6 5. c3 g6 6. Bf4 Bg7 7. Nd2 Nf6 8. h3 O-O 9. Ngf3 a6 10. O-O Bf5 11. Qc2 Bxd3 12. Qxd3 Qb6 13. b3 Na7 14. Rfe1 Qd8 15. Qe3 Nc6 16. Bh6 e6 17. Bg5 Qc8 18. Rac1 Ne7 19. Ne5 Nf5 20. Qd3 Ne8 21. g4 f6 22. gxf5 exf5 23. Nxg6 hxg6 24. Be3 Nd6 25. c4 dxc4 26. bxc4 Nf7 27. Kh1 Bh6 28. Rg1 Kh7 29. Rce1 Rg8 30. Bxh6 Kxh6 31. Re7 Kg7 32. Rb1 Rb8 33. Rb6 Re8 34. Re3 Ng5 35. d5 Qc7 36. Qd4 Rxe3 37. Qxf6+ Kg8 38. Qxg6+ Qg7 39. fxe3 Nxh3 40. Qxg7+ Kxg7 41. Kg2 Ng5 42. c5 Nf7 43. c6 Kf8 44. Rxb7 Rc8 45. e4 Nd6 46. Rh7 Re8 47. Rh8+ Kf7 48. Rxe8 Kxe8 49. e5 Nf7 50. c7 Kd7 51. e6+ Kxc7 52. exf7 f4 53. f8=Q f3+ 54. Kxf3 Kd7 55. Ke4 Kc7 56. d6+ Kb7 57. Kd5 a5 58. Qe7+ Kb6 59. Qc7+ {[%emt 0:00:00] Kb7 [%clk 0:30:29] Qxb7 [%clk 0:36:31]} 1-0

[Event "GER-chT Youth Countries 2018"]
[Site "Wurzburg"]
[Date "2018.10.05"]
[Round "4"]
[White "Kageler, Anton Paul"]
[Black "Metzdorf, Matteo"]
[Result "0-1"]
[ECO "C11"]
[WhiteElo "1459"]
[BlackElo "1806"]
[Annotator "NA"]
[PlyCount "50"]
[EventDate "2018.10.03"]
[EventType "team-tourn"]
[EventCountry "GER"]
[SourceTitle "playchess.com"]
[Source "ChessBase"]
[SourceQuality "1"]
[TimeControl "40/5400+30:1800+30"]

1. e4 e6 2. d4 d5 3. Nc3 Nf6 4. Bg5 dxe4 5. Nxe4 Be7 6. Nxf6+ {[%emt 0:02:25] LiveBook: 165 Games} gxf6 $14 7. Be3 a6 8. a4 Nc6 9. c3 b6 10. Bd3 Bb7 11. Ne2 Qd7 12. O-O O-O-O 13. b4 Rdg8 14. Ng3 h5 15. b5 axb5 16. axb5 Nb8 17. h4 f5 18. c4 Bxh4 19. c5 Bxg3 20. fxg3 Rxg3 21. c6 Nxc6 22. bxc6 Qxc6 23. Rf2 Rxg2+ 24. Kf1 Rg1+ 25. Ke2 Rxd1 0-1

[Event "GER-chT Youth Countries 2018"]
[Site "Wurzburg"]
[Date "2018.10.05"]
[Round "4"]
[White "Alferova, Emily"]
[Black "Zoellner, Bente"]
[Result "0-1"]
[ECO "B21"]
[WhiteElo "1316"]
[BlackElo "1354"]
[Annotator "NA"]
[PlyCount "120"]
[EventDate "2018.10.03"]
[EventType "team-tourn"]
[EventCountry "GER"]
[SourceTitle "playchess.com"]
[Source "ChessBase"]
[SourceQuality "1"]
[TimeControl "40/5400+30:1800+30"]

1. e4 c5 2. d4 cxd4 3. c3 dxc3 4. Nxc3 Nc6 5. Nf3 e6 6. Bc4 Nge7 7. Bg5 a6 8. O-O b5 9. Bb3 Bb7 10. Qe2 Qa5 11. Bd2 Ng6 12. Qe3 Be7 13. Rfd1 Qc7 14. Rac1 O-O 15. Qe2 Rac8 16. Be3 Nge5 17. Nxe5 Nxe5 18. Nxb5 Qb8 19. Nc3 Rcd8 20. Bb6 Rc8 21. Bd4 Ng6 22. Be3 Bd6 23. h3 Bh2+ 24. Kh1 Bd6 25. Qd3 Be7 26. Qe2 Qc7 27. Nd5 Qd8 28. Nxe7+ Nxe7 29. Qd3 Rxc1 30. Rxc1 Nc8 31. Bc5 Qc7 32. Rc2 d6 33. Ba3 Qb6 34. e5 Rd8 35. Rd2 Qc6 36. f3 d5 37. Rc2 Qb5 38. Qxb5 axb5 39. Rc7 Ba8 40. Be7 Nxe7 41. Rxe7 Rc8 42. Bc2 Kf8 43. Ra7 Rxc2 44. Rxa8+ Ke7 45. b3 d4 46. Ra7+ Ke8 47. Ra8+ Kd7 48. Ra7+ Rc7 49. Rxc7+ Kxc7 50. Kg1 Kc6 51. Kf2 Kd5 52. Ke2 Kxe5 53. Kd3 Kd5 54. a4 bxa4 55. bxa4 e5 56. a5 Kc5 57. a6 Kb6 58. a7 Kxa7 59. Ke4 Kb6 60. Kxe5 d3 0-1

[Event "GER-chT Youth Countries 2018"]
[Site "Wurzburg"]
[Date "2018.10.05"]
[Round "4"]
[White "Nguyen, Jenny Ha-Linh"]
[Black "Langer, Paul Georg"]
[Result "0-1"]
[ECO "B22"]
[WhiteElo "1230"]
[BlackElo "1348"]
[Annotator "NA"]
[PlyCount "84"]
[EventDate "2018.10.03"]
[EventType "team-tourn"]
[EventCountry "GER"]
[SourceTitle "playchess.com"]
[Source "ChessBase"]
[SourceQuality "1"]
[TimeControl "40/5400+30:1800+30"]

1. e4 c5 2. c3 Nf6 3. e5 Nd5 4. d4 e6 5. Nf3 b6 6. Bd3 Bb7 7. O-O Be7 8. Re1 O-O 9. Bc2 f6 10. Qd3 f5 11. a3 Ba6 12. Qd1 Nc6 13. Nbd2 cxd4 14. cxd4 Rc8 15. Nb3 Qc7 16. Bd2 Nd8 17. Rc1 Qb7 18. Bb1 Nf7 19. Bc3 Nxc3 20. bxc3 Bxa3 21. Rc2 Rc7 22. Ra2 Be7 23. Qd2 Bc4 24. Rb2 Qd5 25. Ba2 Ba3 26. Rbb1 Rfc8 27. Re3 a5 28. Nc1 Bxc1 29. Qxc1 Bxa2 30. Rxb6 Rb7 31. Rxb7 Qxb7 32. Qa3 Bd5 33. Qxa5 Ng5 34. h3 Nxf3+ 35. gxf3 Bxf3 36. Re1 Bh1 37. Kf1 Ra8 38. Qc5 Qg2+ 39. Ke2 Qe4+ 40. Kf1 Qd3+ 41. Kg1 Qxh3 42. Rd1 Qg2# 0-1

[Event "GER-chT Youth Countries 2018"]
[Site "Wurzburg"]
[Date "2018.10.05"]
[Round "4"]
[White "Praus, Pia-Rosa"]
[Black "Pohle, Saskia"]
[Result "0-1"]
[ECO "A45"]
[WhiteElo "1150"]
[BlackElo "1690"]
[Annotator "NA"]
[PlyCount "96"]
[EventDate "2018.10.03"]
[EventType "team-tourn"]
[EventCountry "GER"]
[SourceTitle "playchess.com"]
[Source "ChessBase"]
[SourceQuality "1"]
[TimeControl "40/5400+30:1800+30"]

1. d4 Nf6 2. Bf4 g6 3. e3 Bg7 4. c3 O-O 5. Nd2 d6 6. Bd3 Nbd7 7. Ngf3 Qe8 8. Qb3 e5 9. dxe5 dxe5 10. Nxe5 Nxe5 11. Be2 Qe7 12. Nf3 Nxf3+ 13. Bxf3 c6 14. Rd1 Be6 15. Qc2 Rfd8 16. O-O Rxd1 17. Rxd1 Rd8 18. a3 Nd5 19. Qd2 Rd7 20. Qc2 Nb6 21. Rxd7 Qxd7 22. b3 Nd5 23. Bxd5 Qxd5 24. c4 Qa5 25. h3 Qxa3 26. Qd1 Qa1 27. Qxa1 Bxa1 28. Kf1 Bf5 29. Ke2 Bc2 30. b4 Bc3 31. b5 cxb5 32. cxb5 Kf8 33. Bb8 a6 34. bxa6 bxa6 35. f4 a5 36. Bd6+ Ke8 37. Ba3 Bb4 38. Bb2 a4 39. Ba1 a3 40. g4 Kd7 41. h4 Kc6 42. h5 Kc5 43. hxg6 hxg6 44. g5 Kc4 45. Kf2 Bc3 46. Bxc3 Kxc3 47. Kf3 a2 48. Kg4 a1=Q 0-1

[Event "GER-chT Youth Countries 2018"]
[Site "Wurzburg"]
[Date "2018.10.05"]
[Round "5"]
[White "Kololli, Martin"]
[Black "Polster, Christian"]
[Result "1/2-1/2"]
[ECO "B22"]
[WhiteElo "2331"]
[BlackElo "2294"]
[Annotator "NA RC"]
[PlyCount "45"]
[EventDate "2018.10.03"]
[EventType "team-tourn"]
[EventCountry "GER"]
[SourceTitle "playchess.com"]
[Source "ChessBase"]
[SourceQuality "1"]
[TimeControl "40/5400+30:1800+30"]

1. e4 c5 2. c3 Nf6 3. e5 Nd5 4. d4 cxd4 5. Nf3 d6 6. cxd4 Nc6 7. Bc4 Nb6 8. Bb5 dxe5 9. Nxe5 Bd7 10. Nc3 Nxe5 11. dxe5 Bxb5 12. Nxb5 Qxd1+ 13. Kxd1 Nd5 14. Ke2 a6 15. Rd1 O-O-O 16. Nd4 e6 17. Be3 $11 Be7 18. Rac1+ Kb8 19. Nb3 Rc8 20. Kf3 Rxc1 21. Rxc1 Nb4 22. Rd1 Rc8 23. a3 1/2-1/2